 Dungeon Crawl Stone Soup version 0.30-a0-634-g8abc85282e (webtiles) character file.

Game seed: 13490940528963589627

2152 Dirtsage the Changer (level 9, -11/68 HPs)
             Began as an Octopode Transmuter on Jan 14, 2023.
             Was an Initiate of the Shining One.
             Mangled by an orc warrior
             ... wielding a +0 morningstar
              (13 damage)
             ... on level 8 of the Dungeon.
             The game lasted 00:12:09 (7026 turns).

Dirtsage the Changer (Octopode Transmuter)          Turns: 7026, Time: 00:12:10

Health: -11/68     AC:  9    Str:  9    XL:     9   Next: 31%
Magic:  10/12      EV: 11    Int: 25    God:    the Shining One [......]
Gold:   353        SH:  0    Dex: 13    Spells: 5/12 levels left

rFire   x . .      SeeInvis .      - Unarmed
rCold   + + +      Faith    +    (shield currently unavailable)
rNeg    . . .      Spirit   .    (helmet currently unavailable)
rPois   +          Reflect  .    c - amulet of faith
rElec   .          Harm     .    C - ring of resist corrosion
rCorr   +          Rampage  .    b - +6 ring of intelligence
Will    .....                    (no ring)
Stlth   +                        (no ring)
HPRegen 0.31/turn                (no ring)
MPRegen 0.13/turn                (no ring)
                                 (no ring)
                                 (no ring)

@: ice-form, glowing
A: freezing attack, boosted hp, almost no armour, amphibious, 8 rings, large,
(camouflage 1), (gelatinous body 1), (nimble swimmer 1), (tentacles)
a: End Transformation, Renounce Religion


You were on level 8 of the Dungeon.
You worshipped the Shining One.
The Shining One was noncommittal.
You were a creature of crystalline ice.
You visited 2 branches of the dungeon, and saw 9 of its levels.

You collected 353 gold pieces.

Inventory:

Jewellery
 b - a +6 ring of intelligence (right front paw)
 c - an amulet of faith (around neck)
 v - a ring of ice
 C - a ring of resist corrosion (left front paw)
Scrolls
 g - a scroll of enchant weapon
 i - 3 scrolls of magic mapping {unknown}
 j - a scroll of poison
 m - a scroll of fog
 n - a scroll of enchant armour {unknown}
 o - 2 scrolls of amnesia {unknown}
 p - 4 scrolls of teleportation {unknown}
 r - a scroll of fear {unknown}
 B - a scroll of blinking
Potions
 a - 3 potions of lignification
 d - a potion of mutation {unknown}
 e - a potion of brilliance {unknown}
 f - a potion of berserk rage
 h - 2 potions of heal wounds {unknown}
 k - 5 potions of curing {unknown}
 l - a potion of haste {unknown}
 q - 2 potions of invisibility {unknown}
 s - a potion of flight {unknown}
 t - 2 potions of magic {unknown}
 u - 2 potions of attraction {unknown}


   Skills:
 + Level 3.2 Fighting
 + Level 3.8 Dodging
 * Level 5.5 Unarmed Combat
 - Level 2.0 Spellcasting
 * Level 7.3 Transmutations
 * Level 6.9 Ice Magic
 + Level 1.2 Invocations


You had 5 spell levels left.
You knew the following spells:

 Your Spells              Type           Power      Damage    Failure   Level
a - Ice Form              Ice/Tmut       38%        N/A       6%          4
b - Wereblood             Tmut           39%        N/A       1%          2
c - Beastly Appendage     Tmut           78%        N/A       1%          1

Your spell library contained the following spells:

 Spells                   Type           Power      Damage    Failure   Level
 Spider Form              Tmut/Pois      20%        N/A       8%          3
 Sublimation of Blood     Necr           2%         N/A       17%         2
 Summon Hydra             Summ           1%         N/A       100%        7


Dungeon Overview and Level Annotations

Branches:
Dungeon (8/15)             Temple (1/1) D:7
   Lair: D:8-11

Altars:
Ashenzari
Elyvilon
Fedhas
Gozag
Hepliaklqana
Makhleb
Nemelex Xobeh
Okawaru
Qazlal
Ru
Sif Muna
Uskayaw
Vehumet
Xom
Yredelemnul
Zin
The Shining One

Shops:
D:1 !

Annotations:
D:2 1 runed translucent door, Crazy Yiuf


Innate Abilities, Weirdness & Mutations

You are a creature of crystalline ice.
You have a powerful freezing melee attack.
Your maximum health is increased.
Your armour is entirely melded.
You are incapable of wielding weapons or throwing items.
You cannot wear most types of armour.
You are amphibious.
You can wear up to eight rings at the same time.
((Your skin changes colour to match your surroundings (Stealth+).))
((Your rubbery body absorbs attacks. (AC +1, EV +1)))
((You are camouflaged when in or above water. (Stealth+)))
((You have tentacles for arms and can constrict up to eight enemies at once.))


Message History

You now have 8/12 mp.
An orc warrior comes into view. It is wielding a +0 morningstar.
You barely miss the orc wizard.
The orc wizard hits you but does no damage.
You hit the orc wizard. You freeze the orc wizard.
The orc wizard is heavily wounded.
The orc wizard gestures at you while chanting.
You easily resist.
You hit the orc wizard. You freeze the orc wizard.
The orc wizard is severely wounded.
The orc wizard hits you but does no damage.
You punch the orc wizard! You freeze the orc wizard.
You kill the orc wizard!
The orc warrior drinks a potion.
The orc warrior goes berserk!
Things that are here:
a +0 long sword; a +0 leather armour; an orc corpse The orc warrior hits you but does no damage.
The orc warrior attacks as you move away!
The orc warrior hits you with a +0 morningstar!!
You take 20 damage, and have 48/68 hp.
MASSIVE DAMAGE!!
The orc warrior rages.
The orc warrior misses you.
The orc warrior attacks as you move away!
The orc warrior hits you with a +0 morningstar! x2
* * * LOW HITPOINT WARNING * * *
You take 29 damage, and have 19/68 hp.
MASSIVE DAMAGE!!
The orc warrior attacks as you move away!
The orc warrior hits you with a +0 morningstar!!
The Shining One protects you from harm! The orc warrior closely misses you.
The orc warrior attacks as you move away!
The orc warrior hits you with a +0 morningstar!!
The Shining One protects you from harm!
You hit the orc warrior but do no damage.
The orc warrior closely misses you.
You hit the orc warrior but do no damage.
The orc warrior hits you with a +0 morningstar!!
* * * LOW HITPOINT WARNING * * *
The orc warrior hits you with a +0 morningstar!
You die...

##.## #.. #.# #.#
####.# #.# #)...#
#.# #.#### #.# #.#
#.# #.# ## #.. #.#
.. ### #Y# .# .#.#
#### #o#
##.##.#.#### ...#
#.#####...........
##.#
#.....#..#..#.####
##.#####
#####.#..#..#.#
.......###
#...).....#
##.#.....#
###.##.##.# #
...#.#.#.#######
#.......# #
####.#..........#
###)..### #


You could see an orc warrior (berserk).

Vanquished Creatures
  A wyvern (D:8)
  The ghost of ma3 the Sneak, an amateur KoEn (D:3)
  2 water moccasins
  A black bear (D:5)
  An ogre (D:5)
  3 centaurs
  A kobold brigand (D:8)
  A bullfrog (D:7)
  4 scorpions
  3 necrophages
  A hound (D:5)
  A jelly (D:4)
  3 orc priests
  6 iguanas
  8 orc wizards
  8 adders
  2 white imps (D:6)
  An ufetubus (D:6)
  6 worms
  3 dart slugs (D:1)
  16 orcs
  12 endoplasms
  2 giant cockroaches
  7 goblins
  8 hobgoblins
  6 jackals
  3 quokkas
  7 ball pythons
  6 bats
  3 frilled lizards
  13 kobolds
  6 rats
146 creatures vanquished.

Vanquished Creatures (others)
  A bush (D:5)
1 creature vanquished.

Grand Total: 147 creatures vanquished

Notes
Turn   | Place    | Note
-------+----------+-------------------------------------------
     0 | D:1      | Dirtsage the Octopode Transmuter began the quest for the
                  | Orb.
     0 | D:1      | Reached XP level 1. HP: 13/13 MP: 3/3
    93 | D:1      | Reached skill level 1 in Ice Magic
    93 | D:1      | Reached XP level 2. HP: 18/18 MP: 3/5
   456 | D:1      | Learned a level 2 spell: Wereblood
   480 | D:1      | Reached XP level 3. HP: 23/23 MP: 3/6
   530 | D:1      | Found Hyrghits's Distillery.
   530 | D:1      | Found a faded altar of an unknown god.
   671 | D:1      | Reached skill level 3 in Transmutations
  1218 | D:2      | Reached XP level 4. HP: 28/28 MP: 5/7
  1594 | D:2      | Found a runed translucent door.
  1595 | D:2      | Noticed Crazy Yiuf
  1844 | D:3      | Learned a level 4 spell: Ice Form
  2292 | D:3      | Reached XP level 5. HP: 28/33 MP: 4/8
  2466 | D:3      | Found a sparkling altar of Nemelex Xobeh.
  2613 | D:3      | Found a large runed translucent door.
  2613 | D:3      | Found a large runed translucent door.
  2619 | D:3      | Noticed ma3's ghost (amateur KoEn)
  2798 | D:3      | Killed ma3's ghost
  2799 | D:3      | Reached skill level 4 in Transmutations
  2799 | D:3      | Reached XP level 6. HP: 38/38 MP: 5/9
  3272 | D:4      | Reached skill level 5 in Transmutations
  3374 | D:4      | Found a basalt altar of Yredelemnul.
  3390 | D:4      | Reached XP level 7. HP: 43/43 MP: 5/10
  3545 | D:4      | Reached skill level 5 in Ice Magic
  3617 | D:5      | Entered Level 5 of the Dungeon
  3750 | D:5      | Found a radiant altar of Vehumet.
  3985 | D:5      | Reached skill level 6 in Transmutations
  4047 | D:5      | Reached XP level 8. HP: 44/50 MP: 7/11
  4581 | D:6      | Found a glowing silver altar of Zin.
  5542 | D:7      | Found a burning altar of Makhleb.
  5829 | D:7      | Reached skill level 5 in Unarmed Combat
  5881 | D:7      | Found a staircase to the Ecumenical Temple.
  5890 | Temple   | Entered the Ecumenical Temple
  6061 | Temple   | Became a worshipper of the Shining One
  6311 | D:7      | Reached XP level 9. HP: 55/55 MP: 8/12
  6356 | D:7      | Reached skill level 7 in Transmutations
  6849 | D:8      | Reached skill level 1 in Invocations
  6892 | D:8      | Found a broken altar of Ashenzari.
  6937 | D:8      | Found a stormy altar of Qazlal.
  7023 | D:8      | The Shining One protects you from harm!
  7024 | D:8      | The Shining One protects you from harm!
  7026 | D:8      | HP: 2/68 [orc warrior/+0 morningstar (18)]
  7026 | D:8      | Mangled by an orc warrior

Illustrated notes

Levels and vault maps discovered:
D:1:      minmay_arrival_cross, layout_basic, serial_shops,
          nicolae_shop_waterfront, shapermc_ecumenical_altar_totnotflames
D:2:      layout_loops_ring, chequers_jeans, uniq_crazy_yiuf_cottage
D:3:      minmay_recursive_quarters, layout_basic,
          mainiacjoe_overflow_surrounded_room, ebering_ghost_disaster_area
D:4:      layout_basic, yredelemnul_altar_generic, minmay_three_crescents
D:5:      layout_gridville, nicolae_vehumet_radiance,
          hangedman_decor_clover_reticule, roderic_serpentine_path,
          kb_lookout_dungeons_type
D:6:      layout_cave_pools, zin_academy
D:7:      layout_loops_corners, kennysheep_mini, lemuel_temple_firewalk_b
D:8:      layout_loops_cross, mainiacjoe_overflow_alcove_1,
          mainiacjoe_overflow_boulevard
Temple:   nicolae_temple_figure_eight

Skill      XL: |  1  2  3  4  5  6  7  8  9 |
---------------+----------------------------+-----
Ice Magic      | 1 2 3 4 5 6 |  6.9
Transmutations | 3 4 5 6 7 |  7.3
Fighting       | 2 3 |  3.2
Unarmed Combat | 5 |  5.5
Dodging        | 3 |  3.8
Invocations    | 1 |  1.2
Spellcasting   | |  2.0

Action                   |  1- 3 |  4- 6 |  7- 9 || total
-------------------------+-------+-------+-------++-------
Melee: Unarmed           |    74 |   120 |   188 ||   382
       Constrict         |    18 |    21 |     2 ||    41
       Kick              |     9 |    25 |     2 ||    36
       Tentacles         |    16 |    19 |     3 ||    38
       Punch             |     1 |     8 |       ||     9
 Cast: Beastly Appendage |     7 |    12 |     1 ||    20
       Wereblood         |     1 |     5 |     7 ||    13
       Ice Form          |       |     5 |    23 ||    28
  Use: Scroll            |       |       |     4 ||     4
 Stab: Sleeping          |     5 |     5 |     1 ||    11
Armor: Skin              |     8 |    13 |    70 ||    91
Dodge: Dodged            |    43 |    48 |    86 ||   177

Table legend: (Time is in decaauts)
 A = Elapsed time spent in this place.
 B = Non-inter-level travel time spent in this place.
 C = Inter-level travel time spent in this place.
 D = Time resting spent in this place.
 E = Time spent auto-exploring this place.
 F = Levels seen in this place.
 G = Mean time per level.
                   A        B        C        D        E       F      G
               +--------+--------+--------+--------+--------+-----+--------+
         Total |   6998 |   6761 |    237 |     33 |   5615 |   9 |  777.6 |
       Dungeon |   6795 |   6588 |    207 |     33 |   5467 |   8 |  849.4 |
        Temple |    202 |    172 |     30 |      0 |    148 |   1 |  202.0 |
               +--------+--------+--------+--------+--------+-----+--------+

Top non-repeatable levels by time:
     D:7: 1164 daAuts
     D:3: 1067 daAuts
     D:2: 905 daAuts
     D:1: 883 daAuts
     D:5: 784 daAuts
     D:6: 774 daAuts
     D:4: 747 daAuts
     D:8: 469 daAuts
  Temple: 202 daAuts
